Map: Orbital Shipyard

Players

KappaHD - Winner!

  • Race: Zerg Zerg
  • League: Platinum

LilDicky

  • Race: Terran Terran
  • League: Diamond

VOD

http://www.twitch.tv/tumescentpie

Description

Time

  • Played on: Dec. 26, 2015, 6:31 p.m.
  • Length: 7:31
Show
View Real Time Build Order
Export as new Build Order

KappaHD Zerg - Winner!

Build Orders: 3 Hatch before Pool 

Get SALT Encoding   

  12  0:05  Drone  
  13  0:09  Drone  
  14  0:36  Hatchery  
  14  0:38  Drone  
  15  0:43  Overlord  
  15  0:52  Extractor  
  15  0:53  Drone, Extractor  
  16  1:04  Hatchery  
  16  1:05  Drone  
  16  1:06  Drone  
  16  1:11  Extractor  
  16  1:25  Spawning Pool  
  15  1:28  Drone  
  15  1:31  Drone  
  17  1:40  Drone  
  18  1:50  Drone  
  19  2:03  Drone  
  19  2:08  Overlord  
  20  2:12  Metabolic Boost  
  20  2:13  Queen  
  22  2:21  Queen  
  24  2:25  Zergling x2  
  24  2:26  Drone  
  24  2:29  Drone  
  27  2:36  Drone  
  28  2:45  Drone  
  28  2:46  Drone  
  30  2:58  Drone x3  
  33  3:02  Drone  
  34  3:08  Lair  
  34  3:11  Extractor  
  34  3:12  Extractor x2  
  31  3:15  Drone x2  
  33  3:22  Overlord  
  33  3:28  Drone  
  33  3:29  Drone x2  
  36  3:42  Drone x5  
  41  3:51  Spine Crawler  
  40  3:57  Drone x4  
  40  3:59  Overlord  
  44  4:08  Spire  
  43  4:13  Drone  
  43  4:14  Overlord  
  44  4:19  Drone x3  
  44  4:20  Drone  
  48  4:28  Drone  
  48  4:30  Drone x2  
  51  4:35  Evolution Chamber  
  51  4:36  Evolution Chamber  
  49  4:47  Overlord  
  49  5:02  Zerg Melee Weapons Level 1  
  49  5:03  Zerg Ground Armor Level 1  
  49  5:08  Overseer  
  49  5:19  Drone, Mutalisk  
  49  5:20  Mutalisk x4  
  60  5:22  Mutalisk  
  62  5:32  Mutalisk  
  63  5:41  Overseer  
  61  5:56  Mutalisk  
  44  5:59  Zergling x12  
  44  6:00  Zergling x8  
  51  6:19  Drone x2  
  51  6:20  Drone x2  
  54  6:26  Drone  
  54  6:30  Queen  
  57  6:35  Drone x4  
  61  6:43  Zergling x4  
  63  7:02  Mutalisk  
  63  7:03  Mutalisk  
Show
View Real Time Build Order
Export as new Build Order

LilDicky Terran 

Build Orders: Command Center First (CC), Hellion Banshee 

Get SALT Encoding   

  12  0:05  SCV  
  13  0:17  SCV  
  14  0:22  Supply Depot  
  14  0:30  SCV  
  15  0:44  SCV  
  16  0:56  SCV  
  17  1:01  Command Center  
  17  1:09  SCV  
  18  1:15  Barracks  
  18  1:21  SCV  
  19  1:30  Refinery  
  19  1:31  Refinery  
  19  1:47  SCV  
  20  2:02  Marine  
  20  2:03  Orbital Command  
  20  2:04  Supply Depot  
  21  2:13  Orbital Command  
  21  2:27  Factory  
  21  2:32  Supply Depot, Barracks Reactor  
  21  2:36  SCV  
  22  2:41  SCV  
  23  2:48  SCV  
  24  2:53  SCV  
  25  3:00  SCV  
  26  3:05  SCV  
  26  3:12  SCV  
  28  3:13  Starport  
  28  3:17  SCV, Hellion x2  
  28  3:18  Barracks Tech Lab  
  33  3:24  SCV  
  34  3:30  SCV  
  35  3:36  SCV  
  35  3:39  Hellion x2  
  40  3:42  SCV  
  40  3:43  Marine  
  42  3:48  SCV  
  43  3:55  Banshee  
  43  3:56  Cloaking Field  
  43  3:58  Supply Depot, SCV  
  43  4:00  Hellion x2  
  43  4:01  SCV  
  52  4:07  Armory  
  52  4:10  SCV  
  52  4:13  SCV  
  54  4:20  Marine  
  54  4:21  Hellion x2  
  59  4:25  SCV  
  59  4:31  Supply Depot  
  60  4:32  SCV  
  60  4:37  SCV  
  62  4:43  Supply Depot  
  62  4:52  Banshee, SCV x2  
  67  4:53  Supply Depot  
  67  4:55  Hellion x2  
  71  5:04  SCV  
  72  5:07  Supply Depot  
  72  5:10  Engineering Bay  
  73  5:16  SCV, Hellion x2  
  73  5:18  SCV  
  78  5:23  Command Center  
  78  5:29  Supply Depot  
  78  5:35  Banshee  
  79  5:54  Widow Mine x2  
  79  5:57  Missile Turret  
  79  5:58  Missile Turret  
  79  5:59  Missile Turret x2  
  68  6:07  Missile Turret  
  55  6:35  Marine  
  55  6:37  Orbital Command  
  55  6:39  Widow Mine  
  56  6:40  Missile Turret  
  56  6:45  SCV x2  
  60  6:49  Refinery x2  
  60  6:53  Marine  
  67  7:04  Barracks  
  67  7:05  Barracks x2  
  67  7:11  Marine  
Tags
 
Add a new tag
Caveats
  • Supply blocks, unpowered buildings, or Contaminate may cause inaccurate times.
  • Supply counts are checked every 10 seconds.